[ AOE2 MATCH · #475899037 ]
UnrankedMongols vs Spanish
[ REPLAY ANALYSIS · EXTRACTED FROM THE RECORDED GAME ]
Feudal
8:16
Castle
16:08
Imperial
40:15
| APM avg | 35.5 |
| APM peak | 85 |
| eAPM avg | 16.1 |
| Villagers / military | 127 / 139 |
Focus
⚔️ 25.2% · 🌾 74.8%
Scout Cavalry ×76 · Mangudai ×36 · Skirmisher ×10 · Spearman ×8 · Petard ×6 · Battering Ram ×3
Feudal
10:14
Castle
13:52
Imperial
38:12
| APM avg | 44.1 |
| APM peak | 91 |
| eAPM avg | 22.5 |
| Villagers / military | 185 / 171 |
Focus
⚔️ 34.9% · 🌾 65.1%
Skirmisher ×78 · Scout Cavalry ×23 · Knight ×21 · Spearman ×21 · Conquistador ×10 · Trebuchet (Packed) ×6
Feudal
11:48
Castle
15:19
Imperial
31:32
| APM avg | 44.6 |
| APM peak | 127 |
| eAPM avg | 27.3 |
| Villagers / military | 148 / 174 |
Focus
⚔️ 51.5% · 🌾 48.5%
Knight ×121 · Teutonic Knight ×44 · Trebuchet (Packed) ×7 · Monk ×2
Feudal
10:28
Castle
17:01
Imperial
35:02
| APM avg | 24.8 |
| APM peak | 69 |
| eAPM avg | 15.8 |
| Villagers / military | 108 / 202 |
Focus
⚔️ 39.0% · 🌾 61.0%
Throwing Axeman ×95 · Spearman ×59 · Knight ×39 · Trebuchet (Packed) ×5 · Battering Ram ×3 · Monk ×1
Match map
Initial resources + every placement click. Lines = walls · curves = elevation contours. ◆ gold · ⬟ stone · ● berries · ✦ relic · ◌ wall gap
Your base· ✓ Closed at 16:08 · 0t walls · 2 gate(s)
H95's base· ✓ Closed at 13:52 · 0t walls · 2 gate(s)
Sei's base· ✓ Closed at 15:19 · 0t walls · 2 gate(s)
gdanelutti87's base· ✓ Closed at 17:01 · 0t walls · 2 gate(s)
Smoothed initial terrain · ◌ = detected wall gap · hover for details
Inputs per minute
— Nerdyx - - H95
Build order — Nerdyx
First 150 of 353 actions detected
| 0:01 | Create | Villager (Male) |
| 0:01 | Create | Villager (Male) |
| 0:02 | Build | House |
| 0:03 | Build | House |
| 0:27 | Create | Villager (Male) |
| 0:27 | Create | Villager (Male) |
| 0:27 | Create | Villager (Male) |
| 0:28 | Create | Villager (Male) |
| 1:27 | Create | Villager (Male) |
| 2:05 | Create | Villager (Male) |
| 2:06 | Create | Villager (Male) |
| 2:15 | Build | Lumber Camp |
| 2:17 | Create | Villager (Male) |
| 2:51 | Create | Villager (Male) |
| 2:51 | Create | Villager (Male) |
| 2:51 | Create | Villager (Male) |
| 2:51 | Create | Villager (Male) |
| 2:52 | Create | Villager (Male) |
| 3:26 | Create | Villager (Male) |
| 3:27 | Create | Villager (Male) |
| 3:28 | Create | Villager (Male) |
| 3:28 | Create | Villager (Male) |
| 3:31 | Build | House |
| 3:55 | Build | House |
| 4:38 | Create | Villager (Male) |
| 5:33 | Build | Mill |
| 5:41 | Create | Villager (Male) |
| 6:04 | Research | Feudal Age |
| 6:12 | Build | Mining Camp |
| 6:35 | Create | Villager (Male) |
| 6:57 | Create | Villager (Male) |
| 8:16 | Age | Feudal Age |
| 8:22 | Build | Mill |
| 8:31 | Research | Double-Bit Axe |
| 8:53 | Create | Villager (Male) |
| 9:22 | Build | Market |
| 9:30 | Create | Villager (Male) |
| 9:49 | Create | Villager (Male) |
| 10:11 | Build | Blacksmith |
| 10:13 | Build | House |
| 10:19 | Create | Villager (Male) |
| 10:29 | Build | Farm |
| 10:44 | Create | Villager (Male) |
| 11:03 | Build | Farm |
| 11:05 | Create | Villager (Male) |
| 11:12 | Build | Farm |
| 11:38 | Build | Mining Camp |
| 11:42 | Create | Villager (Male) |
| 11:51 | Build | Farm |
| 11:53 | Create | Villager (Male) |
| 12:06 | Build | House |
| 12:19 | Create | Villager (Male) |
| 13:00 | Build | Farm |
| 13:02 | Research | Loom |
| 13:28 | Research | Castle Age |
| 13:28 | Research | Castle Age |
| 13:48 | Research | Stone Mining |
| 14:57 | Create | Villager (Male) |
| 15:42 | Research | Horse Collar |
| 16:07 | Research | Wheelbarrow |
| 16:08 | Age | Castle Age |
| 16:10 | Research | Wheelbarrow |
| 16:11 | Create | Villager (Male) |
| 16:44 | Build | Castle |
| 16:56 | Research | Bow Saw |
| 17:29 | Create | Villager (Male) |
| 17:56 | Research | Fletching |
| 18:09 | Build | Siege Workshop |
| 18:14 | Build | Farm |
| 18:15 | Build | Farm |
| 18:16 | Build | Farm |
| 18:18 | Build | Farm |
| 18:20 | Create | Villager (Male) |
| 18:24 | Create | Mangudai |
| 18:29 | Create | Mangudai |
| 18:45 | Build | House |
| 18:48 | Build | House |
| 18:55 | Build | House |
| 18:56 | Create | Villager (Male) |
| 18:56 | Create | Villager (Male) |
| 19:02 | Create | Battering Ram |
| 19:23 | Create | Villager (Male) |
| 19:36 | Research | Heavy Plow |
| 19:44 | Create | Petard |
| 19:56 | Build | House |
| 20:08 | Create | Petard |
| 20:16 | Build | Farm |
| 20:21 | Create | Battering Ram |
| 20:24 | Build | Farm |
| 20:25 | Build | Farm |
| 20:27 | Build | Farm |
| 20:37 | Create | Petard |
| 21:03 | Create | Villager (Male) |
| 21:58 | Create | Mangudai |
| 21:58 | Create | Mangudai |
| 21:58 | Create | Mangudai |
| 22:09 | Build | House |
| 22:38 | Build | Town Center |
| 22:51 | Create | Petard |
| 23:05 | Create | Battering Ram |
| 23:21 | Build | Farm |
| 23:23 | Create | Villager (Male) |
| 23:23 | Create | Villager (Male) |
| 23:34 | Create | Petard |
| 23:40 | Create | Villager (Male) |
| 23:47 | Create | Petard |
| 23:50 | Build | Farm |
| 24:47 | Create | Mangudai |
| 25:06 | Build | Farm |
| 25:13 | Create | Villager (Male) |
| 25:13 | Create | Villager (Male) |
| 25:36 | Build | Farm |
| 25:50 | Create | Villager (Male) |
| 25:50 | Create | Villager (Male) |
| 25:52 | Create | Villager (Male) |
| 25:52 | Create | Villager (Male) |
| 26:02 | Create | Mangudai |
| 26:25 | Create | Villager (Male) |
| 26:26 | Create | Villager (Male) |
| 26:50 | Build | Stone Wall |
| 26:59 | Create | Villager (Male) |
| 26:59 | Create | Villager (Male) |
| 26:59 | Create | Villager (Male) |
| 27:02 | Build | Mining Camp |
| 27:13 | Build | Town Center |
| 27:17 | Create | Villager (Male) |
| 27:19 | Create | Villager (Male) |
| 27:19 | Create | Villager (Male) |
| 27:29 | Create | Mangudai |
| 27:32 | Create | Mangudai |
| 27:59 | Create | Villager (Male) |
| 28:03 | Research | Padded Archer Armor |
| 28:14 | Create | Mangudai |
| 28:16 | Create | Mangudai |
| 28:24 | Create | Villager (Male) |
| 28:28 | Create | Villager (Male) |
| 28:36 | Research | Bodkin Arrow |
| 28:43 | Research | Hand Cart |
| 28:45 | Create | Villager (Male) |
| 28:45 | Create | Villager (Male) |
| 28:45 | Create | Villager (Male) |
| 28:50 | Create | Villager (Male) |
| 28:56 | Create | Villager (Male) |
| 29:28 | Create | Mangudai |
| 29:33 | Create | Villager (Male) |
| 29:34 | Create | Villager (Male) |
| 29:34 | Create | Villager (Male) |
| 29:35 | Create | Villager (Male) |
| 30:15 | Create | Villager (Male) |
| 30:15 | Create | Villager (Male) |
Build order — H95
First 150 of 560 actions detected
| 0:01 | Create | Villager (Male) |
| 0:01 | Create | Villager (Male) |
| 0:01 | Create | Villager (Male) |
| 0:02 | Create | Villager (Male) |
| 0:02 | Build | House |
| 0:04 | Build | House |
| 1:29 | Create | Villager (Male) |
| 1:30 | Create | Villager (Male) |
| 2:07 | Build | Lumber Camp |
| 2:11 | Create | Villager (Male) |
| 2:11 | Create | Villager (Male) |
| 2:30 | Create | Villager (Male) |
| 2:30 | Create | Villager (Male) |
| 2:48 | Create | Villager (Male) |
| 2:48 | Create | Villager (Male) |
| 3:14 | Create | Villager (Male) |
| 3:14 | Create | Villager (Male) |
| 3:17 | Build | House |
| 3:19 | Build | House |
| 3:47 | Create | Villager (Male) |
| 3:48 | Create | Villager (Male) |
| 3:48 | Create | Villager (Male) |
| 4:23 | Build | Mill |
| 4:27 | Create | Villager (Male) |
| 4:27 | Create | Villager (Male) |
| 4:27 | Create | Villager (Male) |
| 5:12 | Create | Villager (Male) |
| 5:12 | Create | Villager (Male) |
| 5:12 | Create | Villager (Male) |
| 5:52 | Create | Villager (Male) |
| 5:52 | Create | Villager (Male) |
| 5:53 | Create | Villager (Male) |
| 6:18 | Build | Mill |
| 6:38 | Create | Villager (Male) |
| 6:38 | Create | Villager (Male) |
| 6:38 | Create | Villager (Male) |
| 6:49 | Build | Mining Camp |
| 7:19 | Create | Villager (Male) |
| 7:20 | Create | Villager (Male) |
| 7:20 | Create | Villager (Male) |
| 7:38 | Research | Loom |
| 8:04 | Research | Feudal Age |
| 8:04 | Research | Feudal Age |
| 8:50 | Create | Villager (Male) |
| 8:51 | Create | Villager (Male) |
| 10:14 | Age | Feudal Age |
| 10:19 | Build | Market |
| 10:24 | Build | Blacksmith |
| 11:12 | Research | Castle Age |
| 11:12 | Research | Castle Age |
| 11:19 | Build | Mining Camp |
| 11:36 | Build | Farm |
| 12:02 | Build | Farm |
| 12:13 | Build | Farm |
| 12:51 | Build | House |
| 13:16 | Build | Farm |
| 13:21 | Build | Farm |
| 13:42 | Research | Double-Bit Axe |
| 13:42 | Create | Villager (Male) |
| 13:43 | Create | Villager (Male) |
| 13:43 | Create | Villager (Male) |
| 13:43 | Create | Villager (Male) |
| 13:52 | Age | Castle Age |
| 15:05 | Create | Villager (Male) |
| 15:05 | Create | Villager (Male) |
| 15:14 | Build | House |
| 15:25 | Create | Villager (Male) |
| 15:25 | Create | Villager (Male) |
| 15:25 | Create | Villager (Male) |
| 15:34 | Build | Monastery |
| 15:42 | Build | Castle |
| 16:33 | Create | Villager (Male) |
| 16:33 | Create | Villager (Male) |
| 16:33 | Create | Villager (Male) |
| 16:55 | Create | Villager (Male) |
| 17:00 | Create | Missionary |
| 17:00 | Create | Missionary |
| 17:18 | Build | Mining Camp |
| 17:27 | Build | Siege Workshop |
| 17:33 | Create | Villager (Male) |
| 17:33 | Create | Villager (Male) |
| 18:02 | Create | Petard |
| 18:03 | Create | Petard |
| 18:22 | Create | Villager (Male) |
| 18:22 | Create | Villager (Male) |
| 18:54 | Build | Mining Camp |
| 18:57 | Create | Conquistador |
| 18:57 | Create | Conquistador |
| 19:33 | Build | Town Center |
| 19:42 | Create | Conquistador |
| 19:43 | Create | Conquistador |
| 20:10 | Create | Conquistador |
| 20:10 | Create | Conquistador |
| 20:20 | Create | Mangonel |
| 20:57 | Create | Petard |
| 20:57 | Create | Petard |
| 22:23 | Create | Villager (Male) |
| 22:23 | Create | Villager (Male) |
| 22:23 | Create | Villager (Male) |
| 22:23 | Create | Villager (Male) |
| 23:06 | Create | Villager (Male) |
| 23:06 | Create | Villager (Male) |
| 23:06 | Create | Villager (Male) |
| 23:09 | Build | Farm |
| 23:09 | Build | Farm |
| 23:10 | Build | Farm |
| 23:10 | Build | Farm |
| 23:10 | Build | Farm |
| 23:10 | Build | Farm |
| 24:01 | Create | Conquistador |
| 24:02 | Create | Conquistador |
| 24:02 | Create | Conquistador |
| 24:02 | Create | Conquistador |
| 24:17 | Create | Mangonel |
| 24:17 | Create | Mangonel |
| 24:18 | Create | Mangonel |
| 25:11 | Build | House |
| 25:11 | Build | House |
| 25:11 | Build | House |
| 25:11 | Build | House |
| 25:27 | Create | Villager (Male) |
| 25:27 | Create | Villager (Male) |
| 25:28 | Create | Villager (Male) |
| 25:28 | Create | Villager (Male) |
| 25:33 | Build | House |
| 25:33 | Build | House |
| 25:34 | Build | House |
| 25:34 | Build | House |
| 25:35 | Create | Villager (Male) |
| 25:35 | Create | Villager (Male) |
| 25:35 | Create | Villager (Male) |
| 25:38 | Build | Farm |
| 25:39 | Build | Farm |
| 25:39 | Build | Farm |
| 25:39 | Build | Farm |
| 25:39 | Build | Farm |
| 25:40 | Build | Farm |
| 25:40 | Build | Farm |
| 26:17 | Research | Horse Collar |
| 26:21 | Build | Castle |
| 26:33 | Create | Villager (Male) |
| 26:33 | Create | Villager (Male) |
| 26:33 | Create | Villager (Male) |
| 26:40 | Build | Town Center |
| 26:56 | Build | Farm |
| 27:10 | Build | Farm |
| 27:10 | Build | Farm |
| 27:10 | Build | Farm |
| 27:10 | Build | Farm |
| 27:11 | Build | Farm |
Build order — Sei
First 150 of 353 actions detected
| 0:01 | Create | Villager (Male) |
| 0:01 | Create | Villager (Male) |
| 0:01 | Create | Villager (Male) |
| 0:02 | Create | Villager (Male) |
| 0:02 | Create | Villager (Male) |
| 0:03 | Build | House |
| 0:04 | Build | House |
| 1:31 | Create | Villager (Male) |
| 1:46 | Build | Lumber Camp |
| 1:52 | Create | Villager (Male) |
| 2:22 | Create | Villager (Male) |
| 2:52 | Create | Villager (Male) |
| 3:11 | Research | Loom |
| 3:25 | Build | House |
| 3:26 | Build | House |
| 3:37 | Create | Villager (Male) |
| 4:03 | Create | Villager (Male) |
| 4:08 | Create | Villager (Male) |
| 4:16 | Build | Mill |
| 5:03 | Create | Villager (Male) |
| 5:05 | Create | Villager (Male) |
| 5:35 | Create | Villager (Male) |
| 5:45 | Create | Villager (Male) |
| 6:11 | Create | Villager (Male) |
| 6:39 | Create | Villager (Male) |
| 6:55 | Build | Mill |
| 7:11 | Create | Villager (Male) |
| 7:18 | Create | Villager (Male) |
| 7:32 | Build | House |
| 7:38 | Create | Villager (Male) |
| 8:34 | Create | Villager (Male) |
| 8:34 | Create | Villager (Male) |
| 9:08 | Build | Farm |
| 9:17 | Research | Feudal Age |
| 9:24 | Build | Farm |
| 9:28 | Build | Farm |
| 9:33 | Build | Farm |
| 9:51 | Create | Villager (Male) |
| 9:51 | Create | Villager (Male) |
| 9:59 | Build | Mining Camp |
| 11:48 | Age | Feudal Age |
| 11:51 | Build | Market |
| 11:52 | Build | Blacksmith |
| 12:39 | Research | Castle Age |
| 12:40 | Research | Castle Age |
| 13:04 | Research | Double-Bit Axe |
| 13:05 | Research | Horse Collar |
| 13:17 | Build | Barracks |
| 13:40 | Build | House |
| 13:41 | Build | House |
| 14:59 | Create | Villager (Male) |
| 14:59 | Create | Villager (Male) |
| 15:19 | Age | Castle Age |
| 15:33 | Build | Town Center |
| 15:45 | Build | Town Center |
| 15:58 | Build | Stable |
| 16:01 | Create | Villager (Male) |
| 16:04 | Create | Villager (Male) |
| 16:18 | Research | Bow Saw |
| 16:57 | Create | Villager (Male) |
| 17:03 | Build | Mining Camp |
| 17:09 | Create | Villager (Male) |
| 17:19 | Create | Villager (Male) |
| 17:19 | Create | Villager (Male) |
| 17:30 | Create | Villager (Male) |
| 17:31 | Create | Villager (Male) |
| 17:47 | Build | Farm |
| 17:47 | Build | Farm |
| 17:51 | Build | Farm |
| 17:52 | Build | Farm |
| 17:53 | Build | Farm |
| 18:01 | Build | Monastery |
| 18:03 | Create | Villager (Male) |
| 18:10 | Build | Farm |
| 18:10 | Build | Farm |
| 18:10 | Build | Farm |
| 18:10 | Build | Farm |
| 18:31 | Create | Villager (Male) |
| 19:03 | Create | Monk |
| 19:09 | Create | Villager (Male) |
| 19:09 | Create | Villager (Male) |
| 19:13 | Create | Knight |
| 19:28 | Create | Villager (Male) |
| 19:29 | Create | Villager (Male) |
| 19:54 | Build | House |
| 19:55 | Build | House |
| 19:58 | Create | Villager (Male) |
| 19:59 | Create | Villager (Male) |
| 20:05 | Build | Farm |
| 20:05 | Build | Farm |
| 20:06 | Build | Farm |
| 20:33 | Create | Villager (Male) |
| 20:34 | Create | Villager (Male) |
| 20:46 | Build | Farm |
| 20:47 | Build | Farm |
| 20:47 | Build | Farm |
| 20:47 | Build | Farm |
| 20:49 | Build | Farm |
| 20:49 | Build | Farm |
| 20:52 | Create | Villager (Male) |
| 20:54 | Create | Villager (Male) |
| 21:09 | Create | Knight |
| 21:14 | Create | Villager (Male) |
| 21:28 | Create | Villager (Male) |
| 21:30 | Create | Villager (Male) |
| 22:25 | Create | Villager (Male) |
| 22:25 | Create | Villager (Male) |
| 22:26 | Create | Villager (Male) |
| 22:27 | Create | Villager (Male) |
| 22:28 | Create | Villager (Male) |
| 22:28 | Create | Villager (Male) |
| 22:31 | Create | Villager (Male) |
| 22:39 | Build | Farm |
| 22:39 | Build | Farm |
| 22:39 | Build | Farm |
| 22:40 | Build | Farm |
| 22:42 | Create | Villager (Male) |
| 22:45 | Create | Villager (Male) |
| 22:48 | Create | Villager (Male) |
| 22:48 | Create | Villager (Male) |
| 22:57 | Build | House |
| 22:58 | Build | House |
| 23:06 | Research | Wheelbarrow |
| 23:09 | Create | Villager (Male) |
| 23:14 | Build | House |
| 23:14 | Build | House |
| 23:21 | Build | Castle |
| 23:22 | Build | Mining Camp |
| 23:26 | Create | Villager (Male) |
| 23:27 | Create | Villager (Male) |
| 23:38 | Build | University |
| 23:40 | Create | Villager (Male) |
| 23:42 | Create | Villager (Male) |
| 23:43 | Create | Villager (Male) |
| 23:46 | Research | Stone Mining |
| 23:54 | Research | Gold Mining |
| 23:58 | Create | Villager (Male) |
| 24:08 | Build | Farm |
| 24:08 | Build | Farm |
| 24:09 | Build | Farm |
| 24:09 | Build | Farm |
| 24:17 | Build | Mining Camp |
| 24:22 | Create | Villager (Male) |
| 24:23 | Create | Villager (Male) |
| 24:25 | Create | Villager (Male) |
| 24:57 | Research | Fervor |
| 24:59 | Create | Monk |
| 25:02 | Create | Knight |
| 25:05 | Research | Bloodlines |
| 25:07 | Create | Villager (Male) |
Build order — gdanelutti87
First 150 of 456 actions detected
| 0:01 | Create | Villager (Male) |
| 0:03 | Build | House |
| 0:05 | Build | House |
| 0:11 | Create | Villager (Male) |
| 0:11 | Create | Villager (Male) |
| 0:11 | Create | Villager (Male) |
| 0:12 | Create | Villager (Male) |
| 0:12 | Create | Villager (Male) |
| 1:24 | Create | Villager (Male) |
| 1:45 | Build | Lumber Camp |
| 2:08 | Create | Villager (Male) |
| 2:34 | Create | Villager (Male) |
| 2:35 | Create | Villager (Male) |
| 2:35 | Create | Villager (Male) |
| 3:16 | Create | Villager (Male) |
| 3:16 | Create | Villager (Male) |
| 3:27 | Build | House |
| 3:29 | Create | Villager (Male) |
| 4:10 | Create | Villager (Male) |
| 4:46 | Create | Villager (Male) |
| 5:02 | Create | Villager (Male) |
| 5:19 | Build | Mill |
| 5:41 | Create | Villager (Male) |
| 5:41 | Create | Villager (Male) |
| 5:41 | Create | Villager (Male) |
| 5:42 | Create | Villager (Male) |
| 5:47 | Build | House |
| 5:49 | Build | House |
| 6:11 | Create | Villager (Male) |
| 6:46 | Build | Mill |
| 7:11 | Create | Villager (Male) |
| 7:37 | Research | Loom |
| 8:02 | Build | House |
| 8:18 | Research | Feudal Age |
| 8:18 | Research | Feudal Age |
| 8:31 | Build | Mining Camp |
| 8:43 | Build | Outpost |
| 9:12 | Create | Villager (Male) |
| 9:41 | Build | Outpost |
| 9:49 | Build | Outpost |
| 9:52 | Build | Outpost |
| 9:58 | Create | Villager (Male) |
| 10:04 | Create | Villager (Male) |
| 10:25 | Create | Villager (Male) |
| 10:28 | Age | Feudal Age |
| 10:39 | Research | Double-Bit Axe |
| 10:41 | Create | Villager (Male) |
| 10:55 | Build | Farm |
| 11:01 | Build | Farm |
| 11:55 | Build | Market |
| 12:13 | Create | Villager (Male) |
| 12:41 | Build | Barracks |
| 12:45 | Create | Villager (Male) |
| 13:16 | Build | Blacksmith |
| 13:20 | Create | Villager (Male) |
| 13:29 | Build | Farm |
| 13:29 | Create | Villager (Male) |
| 13:58 | Build | Mining Camp |
| 14:07 | Build | House |
| 14:21 | Research | Castle Age |
| 14:25 | Build | Farm |
| 14:31 | Build | House |
| 14:33 | Build | House |
| 14:48 | Create | Villager (Male) |
| 15:04 | Build | Farm |
| 15:06 | Build | Farm |
| 15:37 | Create | Villager (Male) |
| 15:46 | Build | House |
| 15:49 | Build | House |
| 17:00 | Create | Villager (Male) |
| 17:01 | Create | Villager (Male) |
| 17:01 | Age | Castle Age |
| 17:10 | Create | Villager (Male) |
| 17:15 | Build | Town Center |
| 17:17 | Create | Villager (Male) |
| 17:22 | Create | Villager (Male) |
| 17:30 | Build | Farm |
| 17:32 | Build | Farm |
| 17:33 | Build | Farm |
| 17:34 | Create | Villager (Male) |
| 17:37 | Create | Villager (Male) |
| 18:07 | Build | House |
| 18:08 | Build | House |
| 18:16 | Create | Spearman |
| 18:31 | Create | Villager (Male) |
| 19:16 | Build | Siege Workshop |
| 19:20 | Create | Villager (Male) |
| 19:21 | Create | Villager (Male) |
| 19:21 | Create | Villager (Male) |
| 19:22 | Create | Villager (Male) |
| 20:11 | Build | Castle |
| 20:18 | Create | Battering Ram |
| 20:19 | Create | Battering Ram |
| 20:21 | Create | Villager (Male) |
| 20:25 | Create | Villager (Male) |
| 20:26 | Create | Villager (Male) |
| 20:28 | Create | Villager (Male) |
| 20:52 | Create | Battering Ram |
| 21:11 | Research | Scale Mail Armor |
| 21:12 | Research | Forging |
| 21:28 | Create | Villager (Male) |
| 21:39 | Build | Farm |
| 21:43 | Build | Farm |
| 21:50 | Build | Farm |
| 21:55 | Create | Throwing Axeman |
| 21:56 | Create | Throwing Axeman |
| 22:08 | Build | Mining Camp |
| 22:16 | Build | House |
| 22:17 | Build | House |
| 22:21 | Create | Throwing Axeman |
| 22:21 | Create | Throwing Axeman |
| 22:30 | Create | Spearman |
| 22:41 | Create | Villager (Male) |
| 22:52 | Build | Farm |
| 22:53 | Build | Farm |
| 22:53 | Build | Farm |
| 22:53 | Build | Farm |
| 22:57 | Create | Villager (Male) |
| 23:07 | Build | Farm |
| 23:08 | Build | Farm |
| 23:10 | Create | Villager (Male) |
| 23:10 | Create | Villager (Male) |
| 23:37 | Create | Throwing Axeman |
| 23:38 | Create | Throwing Axeman |
| 23:38 | Create | Throwing Axeman |
| 23:43 | Create | Villager (Male) |
| 23:52 | Build | Farm |
| 23:54 | Build | Farm |
| 24:10 | Create | Throwing Axeman |
| 24:10 | Create | Throwing Axeman |
| 24:30 | Create | Villager (Male) |
| 24:31 | Create | Villager (Male) |
| 24:36 | Create | Villager (Male) |
| 24:41 | Build | Farm |
| 25:50 | Create | Villager (Male) |
| 25:50 | Create | Villager (Male) |
| 25:51 | Research | Wheelbarrow |
| 25:52 | Create | Villager (Male) |
| 25:53 | Create | Villager (Male) |
| 25:53 | Create | Villager (Male) |
| 25:56 | Create | Villager (Male) |
| 26:05 | Build | Farm |
| 26:06 | Build | Farm |
| 26:07 | Create | Villager (Male) |
| 26:15 | Research | Gold Mining |
| 26:17 | Create | Villager (Male) |
| 26:24 | Create | Throwing Axeman |
| 26:24 | Create | Throwing Axeman |
| 27:07 | Build | House |
| 27:08 | Build | House |
Match timeline
| 8:16 | Nerdyx · age_up feudal |
| 10:14 | H95 · age_up feudal |
| 10:28 | gdanelutti87 · age_up feudal |
| 11:48 | Sei · age_up feudal |
| 12:41 | gdanelutti87 · first_building Barracks |
| 13:17 | Sei · first_building Barracks |
| 13:38 | Nerdyx · first_market_sell 100 wood |
| 13:46 | Nerdyx · first_market_buy 100 food |
| 13:52 | H95 · age_up castle |
| 14:20 | gdanelutti87 · first_market_buy 100 food |
| 14:28 | H95 · first_market_buy 100 stone |
| 15:19 | Sei · age_up castle |
| 15:34 | H95 · first_building Monastery |
| 15:42 | H95 · first_building Castle |
| 15:58 | Sei · first_building Stable |
| 16:08 | Nerdyx · age_up castle |
| 16:44 | Nerdyx · first_building Castle |
| 17:01 | gdanelutti87 · age_up castle |
| 17:27 | H95 · first_building Siege Workshop |
| 18:01 | Sei · first_building Monastery |
| 18:09 | Nerdyx · first_building Siege Workshop |
| 19:16 | gdanelutti87 · first_building Siege Workshop |
| 20:11 | gdanelutti87 · first_building Castle |
| 23:21 | Sei · first_building Castle |
| 26:50 | Nerdyx · wall_segment Stone Wall x1 |
| 28:19 | Sei · first_market_sell 100 wood |
| 28:39 | Sei · first_building Siege Workshop |
| 31:32 | Sei · age_up imperial |
| 32:01 | gdanelutti87 · first_building Monastery |
| 32:24 | H95 · first_building Barracks |
| 33:13 | H95 · first_building Archery Range |
| 35:02 | gdanelutti87 · age_up imperial |
| 35:05 | Sei · first_market_buy 100 food |
| 35:15 | gdanelutti87 · first_market_sell 100 wood |
| 36:04 | Sei · first_building Archery Range |
| 36:51 | H95 · first_building Stable |
| 38:00 | Nerdyx · first_building Barracks |
| 38:12 | H95 · age_up imperial |
| 40:15 | Nerdyx · age_up imperial |
| 40:23 | H95 · first_market_sell 100 stone |
| 40:30 | Nerdyx · first_building Archery Range |
| 40:33 | Nerdyx · first_building Stable |
| 43:15 | gdanelutti87 · first_building Stable |
| 43:39 | Nerdyx · wall_segment Stone Wall x1 |
| 43:41 | Nerdyx · wall_segment Stone Wall x1 |
| 47:07 | gdanelutti87 · resign |
[ AI ANALYSIS · 1 CREDIT ]
What really happened in this match?
Wolo.gg analyzes every decision: build order, eco, micro, common mistakes by bracket. Personalized analysis on WhatsApp or Discord in 30 seconds.
Civ guide
Mongols
Perfil
Jugador #5968340